 Dungeon Crawl Stone Soup version 0.31.0-12-g77e489cdc1 (webtiles) character file.

Game seed: 4528691617506619713

301 KennySheep the Chopper (level 6, -5/56 HPs)
             Began as a Hill Orc Berserker on Mar 2, 2024.
             Was a Believer of Trog.
             Slain by a gnoll sergeant
             ... wielding a +3 trident of venom
              (8 damage)
             ... on level 6 of the Dungeon.
             The game lasted 00:09:28 (4414 turns).

KennySheep the Chopper (Hill Orc Berserker)         Turns: 4414, Time: 00:09:29

Health: -5/56      AC:  5    Str: 22    XL:     6   Next: 37%
Magic:  6/6        EV: 11    Int:  7    God:    Trog [**....]
Gold:   214        SH:  0    Dex: 10    Spells: 5/5 levels left

rFire   . . .        a - +1 hand axe
rCold   . . .        q - orb {*Rage}
rNeg    . . .        b - +0 animal skin
rPois   .            (no helmet)
rElec   .            (no cloak)
rCorr   .            (no gloves)
SInv    .            k - +2 pair of boots
Will    .....        (no amulet)
Stlth   +            (no ring)
HPRegen 0.29/turn    (no ring)
MPRegen 0.10/turn

%: random rage (20%)
@: lethally poisoned (-5 -> -23), on berserk cooldown, slowed, very slow
A: no striking features
a: Renounce Religion, Berserk, Trog's Hand


You were on level 6 of the Dungeon.
You worshipped Trog.
Trog was pleased with you.
You visited 1 branch of the dungeon, and saw 6 of its levels.

You collected 214 gold pieces.

Inventory:

Hand Weapons
 a - a +1 hand axe (weapon)
Armour
 b - a +0 animal skin (worn)
 k - a +2 pair of boots (worn)
 q - an orb of wrath (worn)
Jewellery
 h - an amulet of the acrobat
Scrolls
 d - a scroll of blinking
 f - a scroll of enchant weapon
 i - a scroll of acquirement {unknown}
 l - a scroll of fear
 m - a scroll of teleportation
 o - a scroll of summoning
Potions
 c - 2 potions of lignification
 e - a potion of haste
 g - a potion of might
 j - a potion of curing {unknown}
 n - a potion of heal wounds {unknown}


   Skills:
 + Level 5.2 Fighting
 * Level 7.1 Axes
 + Level 3.9 Armour
 - Level 1.5 Dodging


You had 5 spell levels left.
You didn't know any spells.
Your spell library was empty.

Dungeon Overview and Level Annotations

Branches:
Dungeon (7/15)
 Temple: D:4-7

Altars:
Ashenzari
Sif Muna

Shops:
D:7 *


Message History

Calm down first, please.
Calm down first, please.
You feel a strong urge to attack something.
You feel your anger nearly subside.
You are no longer berserk.
You are exhausted.
You feel yourself slow down.
There is a stone staircase leading up here.
You climb upwards.
The gnoll shouts! x4
Found a scroll labelled HASOCS UZOURPHEI.
Found an escape hatch in the floor.
Found a stone staircase leading down.
There is a stone staircase leading down here.
The gnoll shouts!
You hit the gnoll.
The gnoll is moderately wounded.
Something shouts, "Run away, thou horrid mumble-news whey-face!"
The gnoll throws a throwing net.
The throwing net closely misses you. The gnoll hits you with a +0 spear.
The gnoll sergeant hits you from afar with a +3 trident of venom.
You are poisoned.
You hit the gnoll.
The gnoll is almost dead.
You closely miss the gnoll.
You feel very sick. The gnoll closely misses you.
The gnoll hits you from afar with a +0 spear.
The gnoll hits you with a +0 spear! The gnoll sergeant misses you.
You hit the gnoll.
The gnoll is almost dead.
You hit the gnoll.
You feel very sick. The gnoll hits you with a +0 flail.
The gnoll hits you from afar with a +0 spear.
The gnoll hits you with a +0 spear.
* * * LOW HITPOINT WARNING * * *
The gnoll sergeant hits you from afar with a +3 trident of venom!
* * * LOW HITPOINT WARNING * * *
You are more poisoned.
The gnoll sergeant hits you from afar with a +3 trident of venom!
You die...

## >.#### #
###.... .#
.......##.#
#...g.(.#
#...g@..+
#..g.gg.#
#...g...#
#.......#
#####...#
#...# #####


You could see a gnoll sergeant and 5 gnolls.

Vanquished Creatures
  2 orc priests (D:4)
  An orc wizard (D:4)
  A sleepcap (D:4)
  6 adders
  4 gnolls
  3 dart slugs
  4 ribbon worms
  15 orcs
  2 ball pythons
  3 bats
  5 endoplasms
  3 giant cockroaches
  2 goblins
  9 hobgoblins
  5 jackals
  3 quokkas
  2 frilled lizards
  5 kobolds
  2 rats
77 creatures vanquished.

Notes
Turn   | Place    | Note
-------+----------+-------------------------------------------
     0 | D:1      | KennySheep the Hill Orc Berserker began the quest for the
                  | Orb.
     0 | D:1      | Reached XP level 1. HP: 19/19 MP: 1/1
    65 | D:1      | Reached XP level 2. HP: 24/27 MP: 2/2
   403 | D:1      | Reached XP level 3. HP: 20/33 MP: 3/3
   940 | D:2      | Reached skill level 5 in Axes
  1000 | D:2      | Found a broken altar of Ashenzari.
  1363 | D:2      | Reached ** piety under Trog
  1391 | D:2      | Reached XP level 4. HP: 11/40 MP: 4/4
  2793 | D:3      | Reached XP level 5. HP: 34/47 MP: 5/5
  2884 | D:3      | Reached skill level 6 in Axes
  2916 | D:3      | Found a shimmering blue altar of Sif Muna.
  3988 | D:4      | Reached skill level 5 in Fighting
  3990 | D:4      | Reached XP level 6. HP: 56/56 MP: 6/6
  4076 | D:4      | Reached skill level 7 in Axes
  4204 | D:4      | You fall into a shaft and drop 3 floors!
  4239 | D:7      | Found Weomeo's Overcharged Wands.
  4414 | D:6      | Slain by a gnoll sergeant

Illustrated notes

Levels and vault maps discovered:
D:1:      denvon_arrival_planthouse, layout_basic, st_stairs_9
D:2:      layout_basic, basic_altar
D:3:      layout_loops_corners, mainiacjoe_overflow_tiny_flanked
D:4:      layout_layer_cave, cheibrodos_sewer_entry_drain, minmay_quadrilaterals
D:6:      cheibrodos_two_vegetables, layout_basic,
          mainiacjoe_overflow_six_doors_small, minmay_temple_entry_glass,
          kennysheep_generic_room_13, uniq_blork_the_orc, uniq_grinder,
          uniq_sigmund
D:7:      layout_loops_corners, lemuel_doored_altar,
          nicolae_shop_overcharged_wands, uniq_maggie

Skill      XL: |  1  2  3  4  5  6 |
---------------+-------------------+-----
Fighting       | 4 5 |  5.2
Axes           | 5 6 7 |  7.1
Armour         | 3 |  3.9
Dodging        | |  1.5

Action                     |  1- 3 |  4- 6 || total
---------------------------+-------+-------++-------
  Melee: Hand axe          |   107 |   158 ||   265
         Punch             |     2 |       ||     2
 Invoke: Berserk           |       |     2 ||     2
    Use: Scroll            |       |     7 ||     7
         Potion            |       |     3 ||     3
 Armour: Animal skin       |    53 |   109 ||   162
  Dodge: Dodged            |    62 |    67 ||   129
